 Dungeon Crawl Stone Soup version 0.31-a0-489-g282fc92437 (webtiles) character file.

Game seed: 8796156648704850237

252 GordonOverkill the Sneak (level 6, -4/42 HPs)
             Began as an Octopode Delver on Aug 8, 2023.
             Slain by a wight
             ... wielding a +4 dagger
              (13 damage)
             ... on level 8 of the Dungeon.
             The game lasted 00:05:01 (1408 turns).

GordonOverkill the Sneak (Octopode Delver)          Turns: 1408, Time: 00:05:01

Health: -4/42      AC:  1    Str: 12    XL:     6   Next: 14%
Magic:  11/11      EV: 13    Int: 20    God:
Gold:   74         SH:  0    Dex: 13    Spells: 12/12 levels left

rFire   . . .        a - +0 short sword
rCold   . . .        (no shield)
rNeg    . . .        (helmet restricted)
rPois   .            (no amulet)
rElec   .            g - +6 ring of intelligence
rCorr   .            (no ring)
SInv    .            (no ring)
Will    .....        (no ring)
Stlth   ++++         (no ring)
HPRegen 0.27/turn    (no ring)
MPRegen 0.12/turn    (no ring)
                     (no ring)

%: no passive effects
@: no status effects
A: almost no armour, amphibious, 8 rings, camouflage 1, gelatinous body 1,
(nimble swimmer 1), tentacles
a: no special abilities


You were on level 8 of the Dungeon.
You visited 1 branch of the dungeon, and saw 4 of its levels.

You collected 74 gold pieces.

Inventory:

Hand Weapons
 a - a +0 short sword (weapon)
Missiles
 e - 3 boomerangs (quivered)
Jewellery
 g - a +6 ring of intelligence (left tentacle)
Wands
 d - a wand of flame (12)
 f - a wand of digging (3)
Scrolls
 b - a scroll of fog
 c - a scroll of revelation


   Skills:
 - Level 3.0 Fighting
 - Level 3.0 Short Blades
 + Level 0.6 Throwing
 - Level 2.0 Dodging
 - Level 6.6 Stealth
 + Level 3.8 Spellcasting
 - Level 3.0 Evocations


You had 12 spell levels left.
You didn't know any spells.
Your spell library was empty.

Dungeon Overview and Level Annotations

Branches:
Dungeon (8/15)
 Temple: D:4-7         Lair: D:8-11

Altars:
Yredelemnul

Annotations:
D:7 exclusion: sky beast


Innate Abilities, Weirdness & Mutations

You cannot wear most types of armour.
You are amphibious.
You can wear up to eight rings at the same time.
Your skin changes colour to match your surroundings (Stealth+).
Your rubbery body absorbs attacks. (AC +1, EV +1)
((You are camouflaged when in or above water. (Stealth+)))
You have tentacles for arms and can constrict up to eight enemies at once.


Message History

Okay, then.
Aiming: Throw Flame
Press: ? - help, Shift-Dir - straight line, f - unseen horror zombie
Aim: an unseen horror zombie (90% to hit)
The puff of flame hits the unseen horror zombie.
The unseen horror zombie is lightly damaged.
The unseen horror zombie closely misses you. x3
Aiming: Throw Flame
Press: ? - help, Shift-Dir - straight line, f/p - unseen horror zombie
Aim: an unseen horror zombie (lightly damaged, 90% to hit)
The puff of flame hits the unseen horror zombie!
The unseen horror zombie is lightly damaged.
The unseen horror zombie hits you but does no damage.
The unseen horror zombie hits you.
* * * LOW HITPOINT WARNING * * *
Aiming: Throw Flame
Press: ? - help, Shift-Dir - straight line, f/p - unseen horror zombie
Aim: an unseen horror zombie (lightly damaged, 90% to hit)
The puff of flame hits the wight!
The wight is heavily damaged.
Aiming: Throw Flame
Press: ? - help, Shift-Dir - straight line, f/p - unseen horror zombie
Aim: an unseen horror zombie (lightly damaged, 90% to hit)
The puff of flame hits the wight.
The wight is severely damaged.
The wight barely misses you.
Aiming: Throw Flame
Press: ? - help, Shift-Dir - straight line, f/p - unseen horror zombie
Aim: an unseen horror zombie (lightly damaged, 90% to hit)
The puff of flame misses the wight.
The puff of flame hits the unseen horror zombie.
The unseen horror zombie is moderately damaged.
The wight misses you.
Aiming: Throw Flame
Press: ? - help, Shift-Dir - straight line, f/p - unseen horror zombie
Aim: an unseen horror zombie (moderately damaged, 90% to hit)
The puff of flame hits the wight.
The wight is almost destroyed.
The wight hits you with a +4 dagger!
You die...

.... #.PP.
#...#+#.P..######
#......Z..P.....#
#.........P.....####
#.......##.........#
#......####.......#
#......####.......#######
#.....Zz@.........'......
#.....#####.......#######
....... ##########
...#+#. #....###### .. #.
#....'....# . ..
#....####.# .. #....# #.#
.. ####.# #.# #.# #.#


You could see a wight and an unseen horror zombie.

Vanquished Creatures
  A scorpion (D:7)
  A howler monkey (D:7)
  A centaur zombie (D:8)
  An orc priest (D:7)
  A hound (D:6)
  2 orc wizards (D:7)
  A dart slug (D:5)
  9 orcs
  A quokka (D:5)
18 creatures vanquished.

Notes
Turn   | Place    | Note
-------+----------+-------------------------------------------
     0 | D:5      | GordonOverkill the Octopode Delver began the quest for the
                  | Orb.
     0 | D:5      | Reached XP level 1. HP: 16/16 MP: 1/1
    66 | D:5      | Noticed a phantom
    85 | D:5      | Noticed a black bear
   190 | D:6      | Found a basalt altar of Yredelemnul.
   253 | D:6      | Noticed a hound
   330 | D:6      | Reached XP level 2. HP: 10/21 MP: 2/2
   456 | D:6      | Reached skill level 1 in Spellcasting
   456 | D:6      | Reached XP level 3. HP: 19/26 MP: 2/5
   517 | D:7      | Reached XP level 4. HP: 31/31 MP: 5/8
   544 | D:7      | Noticed a sky beast
   548 | D:7      | Noticed a scorpion
   556 | D:7      | Killed a scorpion
   557 | D:7      | Reached skill level 1 in Evocations
   557 | D:7      | Reached XP level 5. HP: 30/36 MP: 9/9
   963 | D:7      | Noticed a steam dragon
  1295 | D:8      | Noticed an unseen horror zombie
  1341 | D:8      | Reached XP level 6. HP: 40/42 MP: 11/11
  1408 | D:8      | Slain by a wight

Illustrated notes

Levels and vault maps discovered:
D:5:      layout_basic, mainiacjoe_overflow_cross_hatched,
          minmay_temple_entry_gardened_gates
D:6:      layout_gridville, mainiacjoe_overflow_six_doors_small, serial_shops,
          nicolae_diamond_shop, nicolae_shop_vocational
D:7:      minmay_the_grid_triangle_9x9_rhombus_full
          [minmay_the_grid_triangle_9x9_tough_junction,
          minmay_the_grid_triangle_9x9_empty,
          minmay_the_grid_triangle_9x9_checkered,
          minmay_the_grid_triangle_9x9_windchime,
          minmay_the_grid_triangle_9x9_stretched_checkered,
          minmay_the_grid_triangle_9x9_alien,
          minmay_the_grid_triangle_9x9_minimal,
          minmay_the_grid_triangle_9x9_prize_special], layout_layer_cave
D:8:      layout_basic, minitemple, serial_undead, serial_undead_f,
          serial_undead_e, serial_undead_e, serial_undead_c, serial_undead_d,
          serial_undead_f, serial_undead_b

Skill      XL: |  1  2  3  4  5 |
---------------+----------------+-----
Short Blades   | 3 |  3.0
Spellcasting   | 1 2 3 |  3.8
Evocations     | 1 3 |  3.0
Fighting       | |  3.0
Throwing       | |  0.6
Dodging        | |  2.0
Stealth        | |  6.6

Action                     |  1- 3 |  4- 6 || total
---------------------------+-------+-------++-------
  Melee: Short sword       |    22 |    48 ||    70
         Constrict         |     4 |     8 ||    12
         Tentacles         |     3 |    15 ||    18
  Evoke: Wand              |       |     9 ||     9
    Use: Scroll            |     1 |     1 ||     2
         Potion            |       |     1 ||     1
   Stab: Sleeping          |     2 |       ||     2
         Distracted        |     1 |       ||     1
 Armour: Skin              |       |     3 ||     3
  Dodge: Dodged            |     8 |    29 ||    37

Table legend: (Time is in decaauts)
 A = Elapsed time spent in this place.
 B = Non-inter-level travel time spent in this place.
 C = Inter-level travel time spent in this place.
 D = Time resting spent in this place.
 E = Time spent auto-exploring this place.
 F = Levels seen in this place.
 G = Mean time per level.
                   A        B        C        D        E       F      G
               +--------+--------+--------+--------+--------+-----+--------+
         Total |   1380 |   1297 |     83 |    398 |      0 |   4 |  345.0 |
       Dungeon |   1380 |   1297 |     83 |    398 |      0 |   4 |  345.0 |
               +--------+--------+--------+--------+--------+-----+--------+

Top non-repeatable levels by time:
     D:7: 623 daAuts
     D:6: 425 daAuts
     D:8: 178 daAuts
     D:5: 153 daAuts
